 Dungeon Crawl Stone Soup version 0.31-a0-889-g1a8549509d (webtiles) character file.

Game seed: 7433322796787361244

3406 Ofeo the Skirmisher (level 10, -6/60 HPs)
             Began as a Barachi Hexslinger on Oct 15, 2023.
             Was a Follower of Hepliaklqana.
             Mangled by a vampire (12 damage)
             ... on level 9 of the Dungeon on Oct 16, 2023.
             The game lasted 00:15:13 (9343 turns).

Ofeo the Skirmisher (Barachi Hexslinger)            Turns: 9343, Time: 00:15:13

Health: -6/60      AC:  5    Str: 10    XL:     10   Next: 4%
Magic:  12/12      EV: 13    Int: 19    God:    Hepliaklqana [*.....]
Gold:   296        SH:  0    Dex: 21    Spells: 4/12 levels left

rFire   . . .        e - +2 arbalest
rCold   + . .        (shield currently unavailable)
rNeg    . . .        r - +0 steam dragon scales
rPois   .            w - +0 hat "Xazucif" {rC+ Dex+2}
rElec   .            (no cloak)
rCorr   .            (no gloves)
SInv    +            (no boots)
Will    .....        (no amulet)
Stlth   ++           u - ring of see invisible
HPRegen 0.30/turn    k - +6 ring of intelligence
MPRegen 0.13/turn

%: no passive effects
@: slow
A: reduced essence, amphibious, slowness 1, strong legs 1, +LOS
a: Hop, Renounce Religion, Recall Ancestor, Ancestor Identity


You were on level 9 of the Dungeon.
You worshipped Hepliaklqana.
Hepliaklqana was aware of your devotion.
You visited 2 branches of the dungeon, and saw 10 of its levels.

You collected 429 gold pieces.
You spent 133 gold pieces at shops.

Inventory:

Hand Weapons
 b - the +3 war axe "Kocichod" {drain, rElec rF+ rN+}
   (You took it off a hobgoblin on level 4 of the Dungeon)

   rF+:       It protects you from fire.
   rElec:     It insulates you from electricity.
   rN+:       It protects you from negative energy.
 e - a +2 arbalest (weapon)
Missiles
 p - a throwing net
Armour
 c - a +1 robe
 f - a +0 leather armour of fire resistance
 r - +0 steam dragon scales (worn)
 w - the +0 hat "Xazucif" (worn) {rC+ Dex+2}
   (You found it on level 6 of the Dungeon)

   Dex+2:     It affects your dexterity (+2).
   rC+:       It protects you from cold.
Jewellery
 k - a +6 ring of intelligence (right hand)
 l - an amulet of the acrobat
 u - a ring of see invisible (left hand)
 z - a ring of resist corrosion
 C - an amulet of regeneration
 D - a ring of flight
 G - a ring of willpower
Scrolls
 a - a scroll of enchant armour
 d - a scroll of fear
 i - 4 scrolls of identify {@r1}
 n - 2 scrolls of vulnerability
 o - 4 scrolls of poison
 t - 2 scrolls of blinking {unknown}
 y - a scroll of immolation {unknown}
 A - a scroll of enchant weapon
 B - a scroll of summoning
 F - a scroll of noise {unknown}
 I - a scroll of fog {unknown}
Potions
 g - 2 potions of lignification {unknown}
 h - a potion of heal wounds {@q2}
 j - 2 potions of brilliance {unknown}
 m - 2 potions of might {@q4}
 q - 4 potions of curing {@q1}
 s - a potion of attraction {unknown}
 v - a potion of enlightenment {unknown}
 x - 2 potions of mutation {unknown}
 E - 2 potions of berserk rage {unknown}
Miscellaneous
 H - a phantom mirror (inert)


   Skills:
 - Level 1.7 Fighting
 + Level 13.6 Ranged Weapons
 - Level 2.5 Dodging
 - Level 1.5 Spellcasting
 - Level 3.4 Hexes
 - Level 1.6 Fire Magic


You had 4 spell levels left.
You knew the following spells:

 Your Spells              Type           Power      Damage    Failure   Level
a - Jinxbite              Hex            28%        N/A       6%          2
b - Sigil of Binding      Hex            14%        N/A       13%         3
c - Inner Flame           Hex/Fire       11%        N/A       19%         3

Your spell library contained the following spells:

 Spells                   Type           Power      Damage    Failure   Level
 Tukima's Dance           Hex            14%        N/A       13%         3
 Apportation              Tloc           2%         N/A       19%         1
 Sandblast                Erth           2%         2d4       19%         1
 Passwall                 Tmut/Erth      0%         N/A       26%         2
 Cause Fear               Hex            7%         N/A       38%         4
 Call Canine Familiar     Summ           1%         N/A       47%         3
 Hailstorm                Conj/Ice       1%         3d3       47%         3
 Stone Arrow              Conj/Erth      2%         3d7       47%         3
 Dimensional Bullseye     Hex/Tloc       4%         N/A       65%         4
 Leda's Liquefaction      Hex/Erth       4%         N/A       65%         4
 Brom's Barrelling Bould  Conj/Erth      1%         2d3       87%         4
 Iskenderun's Mystic Bla  Conj/Tloc      1%         2d3       87%         4
 Summon Ice Beast         Ice/Summ       1%         N/A       87%         4
 Alistair's Intoxication  Tmut/Pois      0%         N/A       99%         5
 Simulacrum               Ice/Necr       0%         N/A       100%        6


Dungeon Overview and Level Annotations

Branches:
Dungeon (9/15)             Temple (1/1) D:7
   Lair: D:8-11         Orc: D:9-12

Altars:
Cheibriados
Dithmenos
Elyvilon
Fedhas
Gozag
Hepliaklqana
Kikubaaqudgha
Makhleb
Nemelex Xobeh
Okawaru
Qazlal
Ru
Trog
Uskayaw
Vehumet
Wu Jian
Yredelemnul
Zin
The Shining One

Shops:
D:4 (   D:8 *

Annotations:
D:3 2 transporters
D:8 1 runed translucent door, greenreed's ghost, novice BaCj


Innate Abilities, Weirdness & Mutations

Your life essence is reduced to manifest your ancestor. (-10% HP)
You are amphibious.
You cover ground slowly.
You can hop short distances.
You have an extended range of vision and can be seen from far away.


Message History

You remove your ring of willpower.
Khenut hits something.
Something hits Khenut.
Something misses Khenut.
Reactivating autopickup.
u - a ring of see invisible (left hand) Fire: e) +2 arbalest
Press: ? - help, Q - select action, (/) - cycle Shift-Dir - straight line, f - vampire
Aim: a vampire (heavily damaged, slightly transparent, not watching you, ally target, 66% to hit)
You shoot a bolt. Khenut avoids your attack.
The bolt hits the vampire but does no damage.
The vampire is heavily damaged.
Khenut barely misses the vampire.
The vampire barely misses Khenut.
The vampire bites Khenut!
Khenut barely misses the vampire.
Fire: e) +2 arbalest
Press: ? - help, Q - select action, (/) - cycle Shift-Dir - straight line, f/p - vampire
Aim: a vampire (heavily damaged, slightly transparent, ally target, 66% to hit)
You shoot a bolt. Khenut avoids your attack.
The bolt hits the vampire.
The vampire is severely damaged.
The vampire hits Khenut.
The vampire closely misses Khenut.
Khenut hits the vampire but does no damage.
Fire: e) +2 arbalest
Press: ? - help, Q - select action, (/) - cycle Shift-Dir - straight line, f/p - vampire
Aim: a vampire (severely damaged, slightly transparent, ally target, 66% to hit)
You shoot a bolt. Khenut avoids your attack.
The bolt hits the vampire but does no damage.
The vampire is severely damaged.
The vampire hits Khenut!
The vampire bites Khenut!
Khenut is destroyed!
You shoot a bolt. The bolt barely misses the vampire.
The vampire hits you!
* * * LOW HITPOINT WARNING * * *
The vampire closely misses you.
You take 7 damage, and have 5/60 hp.
You shoot a bolt. The bolt hits the vampire.
The vampire is almost destroyed.
The vampire hits you but does no damage.
The vampire closely misses you.
You shoot a bolt.
The bolt hits the vampire but does no damage.
The vampire is almost destroyed.
The vampire hits you!
You die...

......###.......#
#### #.......#
#.......#
#.......#
#.......#
##.###### #..##
##..# ##@# #V#
#.......#
#.......#
#.......#
#.......#
+.......#
#.......#
#.......#


You could see a vampire (invisible).

Vanquished Creatures
  A wyvern (D:9)
  2 steam dragons (D:8)
  A water moccasin (D:7)
  3 orc warriors
  Duvessa (D:5)
  3 black bears
  A centaur (D:8)
  A phantom (D:6)
  A bullfrog (D:7)
  A kobold brigand (D:7)
  5 scorpions
  Dowan (D:5)
  5 howler monkeys
  3 orc priests
  6 hounds
  A gnoll bouda (D:6)
  3 jellies
  A sleepcap (D:6)
  6 iguanas
  7 orc wizards
  10 gnolls
  11 adders
  A white imp (D:5)
  2 dart slugs
  27 orcs
  12 ball pythons
  6 bats
  11 endoplasms
  3 giant cockroaches
  6 hobgoblins
  3 jackals (D:2)
  16 kobolds
  3 quokkas
  A frilled lizard (D:3)
  10 goblins
  23 rats
198 creatures vanquished.

Vanquished Creatures (collateral kills)
  A troll (D:9)
  2 kobold brigands (D:8)
  An orc (D:8)
  2 kobolds (D:8)
6 creatures vanquished.

Vanquished Creatures (others)
  3 ancestors (D:9)
3 creatures vanquished.

Grand Total: 207 creatures vanquished

Notes
Turn   | Place    | Note
-------+----------+-------------------------------------------
     0 | D:1      | Ofeo the Barachi Hexslinger began the quest for the Orb.
     0 | D:1      | Reached XP level 1. HP: 15/15 MP: 2/2
    69 | D:1      | Reached XP level 2. HP: 21/21 MP: 3/3
   392 | D:1      | Reached XP level 3. HP: 27/27 MP: 5/5
   396 | D:1      | Learned a level 2 spell: Jinxbite
   400 | D:1      | Learned a level 3 spell: Sigil of Binding
  1105 | D:2      | Reached skill level 3 in Ranged Weapons
  1305 | D:2      | Reached XP level 4. HP: 32/33 MP: 6/6
  2067 | D:3      | Reached skill level 4 in Ranged Weapons
  2225 | D:3      | Found a transporter.
  2280 | D:3      | Found a transporter.
  2427 | D:3      | Identified the +1 war axe "Wenoemp" {drain, rElec}
  2732 | D:4      | Reached XP level 5. HP: 36/38 MP: 7/7
  2887 | D:4      | Found Mikeu's Weapon Shop.
  2897 | D:4      | Reached skill level 5 in Ranged Weapons
  2961 | D:4      | Reached XP level 6. HP: 18/44 MP: 3/8
  3115 | D:4      | Reached skill level 6 in Ranged Weapons
  3280 | D:4      | Identified the +3 war axe "Kocichod" {drain, rElec rF+ rN+}
  3368 | D:5      | Entered Level 5 of the Dungeon
  3368 | D:5      | Noticed an orc warrior
  3383 | D:4      | Killed an orc warrior
  3598 | D:4      | Reached XP level 7. HP: 42/49 MP: 9/9
  3890 | D:4      | Reached skill level 7 in Ranged Weapons
  4175 | D:5      | Noticed Duvessa
  4175 | D:5      | Noticed Dowan
  4187 | D:5      | Killed Duvessa
  4188 | D:5      | Killed Dowan
  4311 | D:5      | Reached skill level 8 in Ranged Weapons
  4446 | D:5      | Reached XP level 8. HP: 55/55 MP: 10/10
  4758 | D:5      | Reached skill level 9 in Ranged Weapons
  5907 | D:6      | Reached skill level 10 in Ranged Weapons
  6068 | D:6      | Learned a level 3 spell: Inner Flame
  6123 | D:6      | Identified the +0 hat "Xazucif" {rC+ Dex+2}
  6867 | D:7      | Found an opulent altar of Gozag.
  6867 | D:7      | Found a burning altar of Makhleb.
  6939 | D:7      | Found a snail-covered altar of Cheibriados.
  6941 | D:7      | Found a stormy altar of Qazlal.
  6942 | D:7      | Upgraded the game from 0.31-a0-881-ge136f0c47a to
                  | 0.31-a0-889-g1a8549509d
  6943 | D:7      | Found a sparkling altar of Nemelex Xobeh.
  6981 | D:7      | Found a staircase to the Ecumenical Temple.
  6987 | D:7      | Reached skill level 11 in Ranged Weapons
  6987 | D:7      | Reached XP level 9. HP: 61/61 MP: 11/11
  7009 | Temple   | Entered the Ecumenical Temple
  7019 | Temple   | Became a worshipper of Hepliaklqana the Forgotten
  8021 | D:8      | Found a runed translucent door.
  8023 | D:8      | Noticed greenreed's ghost (novice BaCj)
  8050 | D:8      | Reached skill level 12 in Ranged Weapons
  8147 | D:8      | Found Amnorgh's General Store.
  8150 | D:8      | Bought a scroll of summoning for 133 gold pieces
  8254 | D:8      | Reached * piety under Hepliaklqana
  9117 | D:9      | Reached skill level 13 in Ranged Weapons
  9118 | D:9      | Noticed a troll
  9125 | D:9      | Killed a troll
  9188 | D:9      | Reached XP level 10. HP: 60/60 MP: 12/12
  9343 | D:9      | Mangled by a vampire

Illustrated notes

Levels and vault maps discovered:
D:1:      reono_arrival_forest_river, layout_rooms,
          minmay_misc_feat_secret_circle, hangedman_feature_mirror
D:2:      layout_basic, minmay_rat_hole
D:3:      gammafunk_wand_slinger, layout_basic, chequers_hall_statues_y,
          minmay_shallow_snake_nest
D:4:      layout_gridville, serial_shops, nicolae_shop_bloodbath_and_beyond
D:5:      dreamdust_elfheim, layout_basic, minmay_misc_feat_more_columns,
          dreamdust_gnoll_farm
D:6:      layout_rooms, portal_sewer_entry_d
D:7:      layout_loops_ring, chequers_temple_overflow_minitemple,
          minmay_temple_entry_poolview, grunt_ministairs_11,
          minmay_misc_feat_encased
D:8:      layout_loops_ring, gammafunk_ghost_grave, serial_shops,
          nicolae_shop_behind_doors
D:9:      layout_roguey
Temple:   eino_temple_water

Skill      XL: |  1  2  3  4  5  6  7  8  9 |
---------------+----------------------------+-----
Ranged Weapons | 3 4 5 6 8 11 13 | 13.6
Fighting       | |  1.7
Dodging        | |  2.5
Spellcasting   | |  1.5
Hexes          | |  3.4
Fire Magic     | |  1.6

Action                     |  1- 3 |  4- 6 |  7- 9 | 10-12 || total
---------------------------+-------+-------+-------+-------++-------
  Melee: Arbalest          |       |       |     2 |       ||     2
   Fire: Sling             |   113 |   155 |       |       ||   268
         Arbalest          |       |     5 |   299 |    22 ||   326
   Cast: Jinxbite          |     2 |     8 |     1 |       ||    11
         Sigil of Binding  |       |     1 |       |       ||     1
Ability: Hop               |       |     2 |     2 |       ||     4
  Evoke: Phantom mirror    |       |       |     1 |       ||     1
    Use: Scroll            |       |     9 |     4 |       ||    13
         Potion            |       |     2 |     2 |       ||     4
 Armour: Robe              |    33 |    39 |       |       ||    72
         Leather armour    |       |     3 |    94 |       ||    97
         Steam dragon scal |       |       |    16 |    15 ||    31
  Dodge: Dodged            |    42 |    37 |   104 |     6 ||   189

Table legend: (Time is in decaauts)
 A = Elapsed time spent in this place.
 B = Non-inter-level travel time spent in this place.
 C = Inter-level travel time spent in this place.
 D = Time resting spent in this place.
 E = Time spent auto-exploring this place.
 F = Levels seen in this place.
 G = Mean time per level.
                   A        B        C        D        E       F      G
               +--------+--------+--------+--------+--------+-----+--------+
         Total |  10795 |  10355 |    440 |   1089 |   7910 |  10 | 1079.5 |
       Dungeon |  10771 |  10354 |    417 |   1089 |   7910 |   9 | 1196.8 |
        Temple |     24 |      2 |     22 |      0 |      0 |   1 |   24.0 |
               +--------+--------+--------+--------+--------+-----+--------+

Top non-repeatable levels by time:
     D:5: 1872 daAuts
     D:4: 1614 daAuts
     D:7: 1544 daAuts
     D:2: 1543 daAuts
     D:8: 1215 daAuts
     D:3: 1049 daAuts
     D:6: 985 daAuts
     D:1: 587 daAuts
     D:9: 358 daAuts
  Temple: 24 daAuts
